 Dungeon Crawl Stone Soup version 0.30-a0-595-g91969c0fa5 (webtiles) character file.

Game seed: 13741229555322590284

113 Leeroy the Insei (level 4, 0/35 HPs)
             Began as a Merfolk Transmuter on Jan 6, 2023.
             Slain by a goblin
             ... wielding a +0 club
              (3 damage)
             ... on level 4 of the Dungeon.
             The game lasted 00:03:49 (2666 turns).

Leeroy the Insei (Merfolk Transmuter)               Turns: 2666, Time: 00:03:49

Health: 0/35       AC:  4    Str: 14    XL:     4   Next: 96%
Magic:  2/2        EV: 13    Int: 20    God:
Gold:   343        SH:  0    Dex: 14    Spells: 1/7 levels left

rFire   + + .      SeeInvis +    q - +5 great sword "Raunwegg" {antimagic, Contam rF++ Will+ Str+4}
rCold   . . .      Faith    .    (shield currently unavailable)
rNeg    . . .      Spirit   .    a - +0 robe
rPois   .          Reflect  .    w - +0 helmet of the Hidden Vale {SInv}
rElec   .          Harm     .    (no cloak)
rCorr   .          Rampage  .    (no gloves)
Will    +....                    h - +0 pair of boots
Stlth   +                        (no amulet)
HPRegen 0.25/turn                u - +6 ring of intelligence
MPRegen 0.08/turn                n - +4 ring of slaying

@: weakened
A: (nimble swimmer 2), mertail
a: no special abilities


You were on level 4 of the Dungeon.
You visited 1 branch of the dungeon, and saw 4 of its levels.

You collected 343 gold pieces.

Inventory:

Hand Weapons
 q - the +5 great sword "Raunwegg" (weapon) {antimagic, Contam rF++ Will+ Str+4}
   (You found it on level 2 of the Dungeon)

   Str:       It affects your strength (+4).
   rF:        It greatly protects you from fire.
   Contam:    It causes magical contamination when unequipped.
   Will:      It increases your willpower.
Armour
 a - a +0 robe (worn)
 h - a +0 pair of boots (worn)
 w - the +0 helmet of the Hidden Vale (worn) {SInv}
   (You found it on level 4 of the Dungeon)

   SInv:      It lets you see invisible.
Jewellery
 j - a ring of fire
 n - a +4 ring of slaying (right hand)
 r - a ring of ice
 u - a +6 ring of intelligence (left hand)
Wands
 t - a wand of polymorph (14)
Scrolls
 f - a scroll of noise {unknown}
 g - 2 scrolls of magic mapping {unknown}
 i - 3 scrolls of teleportation {unknown}
 m - a scroll of poison {unknown}
 s - 4 scrolls of identify {unknown}
Potions
 b - a potion of lignification
 c - a potion of might {unknown}
 d - a potion of heal wounds {unknown}
 e - 3 potions of degeneration {unknown}
 k - a potion of cancellation {unknown}
 l - a potion of haste {unknown}
 o - 2 potions of curing {unknown}
 p - a potion of attraction {unknown}
 v - a potion of magic {unknown}


   Skills:
 - Level 3.0 Fighting
 + Level 3.5 Dodging
 - Level 4.8 Unarmed Combat
 - Level 2.0 Spellcasting
 - Level 2.6 Transmutations


You had one spell level left.
You knew the following spells:

 Your Spells              Type           Power      Damage    Failure   Level
a - Beastly Appendage     Tmut           24%        N/A       5%          1
b - Spider Form           Tmut/Pois      7%         N/A       26%         3
c - Wereblood             Tmut           12%        N/A       8%          2

Your spell library contained the following spells:

 Spells                   Type           Power      Damage    Failure   Level
 Hailstorm                Conj/Ice       2%         3d3       43%         3
 Ice Form                 Ice/Tmut       7%         N/A       65%         4
 Simulacrum               Ice/Necr       1%         N/A       100%        6


Dungeon Overview and Level Annotations

Branches:
Dungeon (4/15)
 Temple: D:4-7

Altars:


Innate Abilities, Weirdness & Mutations

((You are very nimble when in or above water. (Stealth+, EV+, Speed+++)))
Your lower body shifts to a powerful aquatic tail in water.


Message History

There is an open door here.
A gnoll comes into view. It is wielding a +0 spear.
Found a scroll labelled CUAHOWAKIL.
The gnoll hits you from afar with a +0 spear.
The gnoll bouda barks out a call to the hunt!
The gnolls pick up the pace!
You hear a bark!
The gnoll shouts!
You slash the gnoll!
You kill the gnoll!
The gnoll misses you. The goblin barely misses you.
The goblin hits you with a +0 club.
Your Dodging skill increases to level 3!
You barely miss the goblin. The goblin barely misses you.
A hound comes into view.
The goblin hits you with a +0 club. The gnoll barely misses you.
You closely miss the gnoll bouda. The gnoll closely misses you.
The goblin closely misses you. The gnoll closely misses you.
The gnoll hits you from afar with a +0 spear.
You slash the gnoll!
You kill the gnoll!
The gnoll bouda misses you. The goblin hits you but does no damage.
The gnoll hits you from afar with a +0 spear.
The gnoll closely misses you. The gnoll bouda barely misses you.
The goblin completely misses you.
The gnoll hits you from afar with a +0 spear. x2
You hit the gnoll bouda but do no damage.
The gnoll bouda barely misses you. The goblin hits you but does no damage.
The gnoll hits you from afar with a +0 spear. x2
The gnoll bouda gazes fiercely through you!
You feel your attacks grow feeble.
The gnoll bouda hits you with a +0 whip!
* * * LOW HITPOINT WARNING * * *
The goblin hits you but does no damage. The gnoll barely misses you.
The gnoll hits you but does no damage.
You are too injured to fight recklessly!
You hit the gnoll bouda.
The gnoll bouda is moderately wounded.
The gnoll bouda completely misses you. The goblin hits you with a +0 club.
You die...

...#.....# ...#.....#
.?..... ...+.....# .....
<..#.....# .....
...#.....#. ....
...##'#####. #.h#########
##........#..##gg#.......#
#........#....).#.......#
#........#....g@#.......#
#........#.....g'.......#
#........#......#.......#
#........#......#.......#
#........#+######.......#
#.......................#
#>......................#
#.......................#
#................#####.##


You could see a gnoll bouda, a hound, 2 gnolls and a goblin.

Vanquished Creatures
  2 gnolls (D:4)
  2 adders (D:3)
  2 worms
  2 dart slugs (D:1)
  5 orcs
  3 endoplasms
  4 giant cockroaches
  4 goblins
  4 hobgoblins
  3 jackals (D:3)
  8 kobolds
  3 quokkas (D:1)
  7 ball pythons
  5 bats
  A frilled lizard (D:2)
  4 rats (D:1)
59 creatures vanquished.

Notes
Turn   | Place    | Note
-------+----------+-------------------------------------------
     0 | D:1      | Leeroy the Merfolk Transmuter began the quest for the Orb.
     0 | D:1      | Reached XP level 1. HP: 15/15 MP: 3/3
   102 | D:1      | Reached XP level 2. HP: 15/21 MP: 5/5
   186 | D:1      | Reached skill level 4 in Unarmed Combat
   198 | D:1      | Found a faded altar of an unknown god.
   844 | D:1      | Reached XP level 3. HP: 26/26 MP: 6/6
   855 | D:1      | Learned a level 3 spell: Spider Form
   858 | D:1      | Learned a level 2 spell: Wereblood
  1202 | D:2      | Identified the +9 scale mail of Complete Protection {Harm
                  | rF+ Dex+2}
  1475 | D:2      | Identified the +5 great sword "Raunwegg" {antimagic, Contam
                  | rF++ Will+ Str+4}
  1878 | D:3      | Reached XP level 4. HP: 19/33 MP: 2/7
  2599 | D:4      | Identified the +0 helmet of the Hidden Vale {SInv}
  2666 | D:4      | Slain by a goblin

Illustrated notes

Levels and vault maps discovered:
D:1:      co_arrival_hall_of_pillars, layout_basic,
          shapermc_ecumenical_altar_totnotflames, minmay_misc_feat_encased
D:2:      layout_rooms, hangedman_abyss_or_decor_stabs, amcnicky_mini_pool_small
D:3:      layout_basic, nicolae_concentric_dashed_squares_mild,
          minmay_misc_feat_diagonals, minmay_diced_spiral
D:4:      layout_gridville, grunt_temple_overflow_open, lemuel_tele_altar,
          minmay_temple_entry_offerings, serial_shops, shop,
          lexackson_kobold_supper

Skill      XL: |  1  2  3  4 |
---------------+-------------+-----
Unarmed Combat | 4 |  4.8
Fighting       | 2 3 |  3.0
Dodging        | 3 |  3.5
Spellcasting   | |  2.0
Transmutations | |  2.6

Action                   |  1- 3 |  4- 6 || total
-------------------------+-------+-------++-------
Melee: Unarmed           |    98 |       ||    98
       Punch             |     4 |       ||     4
       Great sword       |    11 |    45 ||    56
 Stab: Sleeping          |     2 |     2 ||     4
Armor: Robe              |    34 |    21 ||    55
Dodge: Dodged            |    53 |    39 ||    92

Table legend: (Time is in decaauts)
 A = Elapsed time spent in this place.
 B = Non-inter-level travel time spent in this place.
 C = Inter-level travel time spent in this place.
 D = Time resting spent in this place.
 E = Time spent auto-exploring this place.
 F = Levels seen in this place.
 G = Mean time per level.
                   A        B        C        D        E       F      G
               +--------+--------+--------+--------+--------+-----+--------+
         Total |   2694 |   2615 |     79 |      0 |   2167 |   4 |  673.5 |
       Dungeon |   2694 |   2615 |     79 |      0 |   2167 |   4 |  673.5 |
               +--------+--------+--------+--------+--------+-----+--------+

Top non-repeatable levels by time:
     D:1: 1082 daAuts
     D:3: 941 daAuts
     D:2: 596 daAuts
     D:4: 74 daAuts
